 Dungeon Crawl Stone Soup version 0.29.1-1-gd02db6906a (webtiles) character file.

Game seed: 15872872048639534451

1155 gelatine the Chopper (level 8, 0/90 HPs)
             Began as a Demonspawn Gladiator on Sept 18, 2022.
             Was a Priest of Sif Muna.
             Slain by an orc warrior
             ... wielding a +0 trident
              (1 damage)
             ... on level 6 of the Dungeon.
             The game lasted 00:17:21 (6093 turns).

gelatine the Chopper (Demonspawn Gladiator)         Turns: 6093, Time: 00:17:21

Health: 0/90       AC: 24    Str: 17    XL:     8   Next: 16%
Magic:  0/11       EV:  2    Int: 14    God:    Sif Muna [***...]
Gold:   404        SH:  0    Dex: 14    Spells: 9/11 levels left

rFire   . . .      SeeInvis .   a - +0 war axe (protect)
rCold   . . .      Faith    .   (no shield)
rNeg    . . .      Spirit   +   (body armour currently unavailable)
rPois   +          Reflect  .   (helmet currently unavailable)
rElec   .          Harm     .   (cloak currently unavailable)
rCorr   .          Rampage  .   (gloves currently unavailable)
Will    .....      NoTele   +   (boots currently unavailable)
Stlth   ++........              (no amulet)
HPRegen 0.25/turn               u - +4 ring of evasion
MPRegen 0.24/turn               (no ring)

@: tree-form, hasted, very quick
A: stationary, stasis, torment immunity, boosted hp, powered by pain 1, magic
shield, magic regeneration, big brain 2
a: Renounce Religion, Channel Magic, Forget Spell


You were on level 6 of the Dungeon.
You worshipped Sif Muna.
Sif Muna was most pleased with you.
You were a tree.
You visited 2 branches of the dungeon, and saw 7 of its levels.

You collected 404 gold pieces.

Inventory:

Hand Weapons
 a - a +0 war axe of protection (weapon)
 p - a +4 dagger
Missiles
 d - 2 throwing nets (quivered)
 e - 5 boomerangs
 F - a javelin
Armour
 b - a +0 troll leather armour {Pargi}
 n - a +2 pair of gloves (melded)
 o - a scarf of invisibility (melded)
 B - a +1 helmet (melded)
 D - a +2 robe
 H - a +2 leather armour of fire resistance (melded)
Jewellery
 u - a +4 ring of evasion (left branch)
Wands
 t - a wand of quicksilver (11)
Scrolls
 f - a scroll of fear {unknown}
 g - 2 scrolls of brand weapon
 i - a scroll of magic mapping {unknown}
 j - 3 scrolls of teleportation
 l - a scroll of enchant armour {unknown}
 m - 2 scrolls of fog
 r - 2 scrolls of identify
 s - a scroll of blinking {unknown}
 w - a scroll of silence {unknown}
 x - a scroll of amnesia {unknown}
 y - 3 scrolls of enchant weapon
 z - a scroll of torment {unknown}
 E - a scroll of vulnerability {unknown}
Potions
 h - a potion of lignification
 k - a potion of degeneration {unknown}
 q - a potion of haste
 v - 2 potions of flight {unknown}
 A - 2 potions of curing {unknown}
 C - a potion of mutation {unknown}
 G - a potion of magic {unknown}


   Skills:
 * Level 3.7 Fighting
 + Level 5.0 Axes
 + Level 1.9 Throwing
 + Level 2.0 Armour
 * Level 4.5 Dodging
 * Level 2.5 Stealth
 * Level 2.1 Spellcasting
 * Level 2.1 Fire Magic
 * Level 3.9 Invocations
 * Level 2.0 Evocations


You had 9 spell levels left.
You knew the following spells:

 Your Spells              Type           Power      Damage    Failure   Level
a - Scorch                Fire           14%        2d5       14%         2

Your spell library contained the following spells:

 Spells                   Type           Power      Damage    Failure   Level
 Gell's Gravitas          Tloc           1%         N/A       56%         3
 Ozocubu's Armour         Ice            1%         N/A       56%         3
 Teleport Other           Tloc           1%         N/A       56%         3
 Flame Wave               Conj/Fire      4%         2d5       83%         4
 Dispersal                Tloc           0%         N/A       100%        6
 Summon Cactus Giant      Summ           0%         N/A       100%        6
 Ozocubu's Refrigeration  Ice            0%         4d7       100%        7


Dungeon Overview and Level Annotations

Branches:
Dungeon (6/15)             Temple (1/1) D:6

Altars:
Ashenzari
Cheibriados
Dithmenos
Fedhas
Gozag
Hepliaklqana
Makhleb
Nemelex Xobeh
Okawaru
Ru
Sif Muna
Trog
Uskayaw
Wu Jian
Xom
Yredelemnul

Shops:
D:4 :

Annotations:
D:5 2 transporters, xian's ghost, novice DsGl


Innate Abilities, Weirdness & Mutations

You are a tree.
Your roots penetrate the ground, keeping you stationary.
You cannot be teleported.
You are immune to unholy pain and torment.
Your maximum health is greatly increased.
Your equipment is partially melded.
You sometimes gain a little power by taking damage.
When hurt, damage is shared between your health and your magic reserves.
You regenerate magic rapidly.
You have an extremely huge brain. (Int +4)


Message History

The orc warrior hits you from afar with a +0 trident.
* * * LOW HITPOINT WARNING * * *
The iguana bites you but does no damage.
Items here: )) ? [.
The orc warrior barely misses you. The iguana closely misses you.
You closely miss the orc warrior. You hit the iguana.
You kill the iguana!
Sif Muna accepts your kill. The orc warrior barely misses you.
You completely miss the orc warrior. The orc warrior misses you.
The orc warrior hits you with a +0 trident.
* * * LOW HITPOINT WARNING * * *
Aiming: Quicksilver Bolt
Press: ? - help, Q - select action, (/) - cycle Shift-Dir - straight line, f - orc warrior
Aim: an orc warrior, wielding a +0 trident and wearing a +0 chain mail (68% to hit)
The bolt of dispelling energy misses the orc warrior.
The orc warrior closely misses you.
Really quaff the potion of lignification?
You turn into a tree.
Your scarf of invisibility melds into your body.
Your +1 helmet melds into your body.
Your +2 pair of gloves melds into your body.
Your +2 leather armour of fire resistance melds into your body.
You feel less resistant to fire.
Your roots penetrate the ground.
The orc warrior hits you with a +0 trident.
* * * LOW HITPOINT WARNING * * *
Okay, then.
Casting: Scorch (safe; 14% risk of failure)
Confirm with . or Enter, or press ? or * to list all spells.
Flames lash the orc warrior.
The orc warrior is lightly wounded.
The orc warrior's fire resistance burns away.
The orc warrior hits you with a +0 trident.
* * * LOW HITPOINT WARNING * * *
Casting: Scorch (safe; 14% risk of failure)
Confirm with . or Enter, or press ? or * to list all spells.
You don't have enough magic to cast this spell.
It was a potion of haste.
You feel yourself speed up.
The orc warrior hits you with a +0 trident.
You die...

.# .# #..# .#### #..#
############ ....# #..#
#........... .##.# #####
#..# #.########## .##.#
..... #..# #.#
.##.#...... #..# #.#
.##.#.......####o.# #.#
..............[.♣)####.#
###.#.......#....).†...#
###........ #.#######.##
............. #.#
###..####._# #># .....#
.. #l# .##..# #.#
.##..### #.# .......#
#.#


You could see an orc warrior (combustible).

Vanquished Creatures
  Grinder (D:6)
  Sigmund (D:4)
  Eustachio (D:4)
  Pargi (D:4)
  A phantom (D:4)
  2 scorpions
  A jelly (D:4)
  2 orc priests (D:6)
  A hound (D:6)
  An orc wizard (D:5)
  2 iguanas (D:6)
  6 adders
  2 white imps
  2 dart slugs
  20 orcs
  9 endoplasms
  3 giant cockroaches
  8 goblins
  4 hobgoblins
  3 jackals (D:1)
  9 kobolds
  5 quokkas
  5 ball pythons
  9 bats
  5 frilled lizards (D:2)
  5 rats
109 creatures vanquished.

Vanquished Creatures (others)
  A quokka (D:4)
  6 plants (D:2)
7 creatures vanquished.

Grand Total: 116 creatures vanquished

Notes
Turn   | Place    | Note
-------+----------+-------------------------------------------
     0 | D:1      | gelatine the Demonspawn Gladiator began the quest for the
                  | Orb.
     0 | D:1      | Reached XP level 1. HP: 16/16 MP: 1/1
   273 | D:1      | Gained mutation: You regenerate magic rapidly. [demonic
                  | ancestry]
   273 | D:1      | Reached XP level 2. HP: 22/22 MP: 2/2
   324 | D:1      | Reached skill level 3 in Axes
   977 | D:2      | Reached XP level 3. HP: 19/27 MP: 3/3
  1270 | D:2      | Found a faded altar of an unknown god.
  1273 | D:2      | Prayed at the altar of an unknown god.
  1273 | D:2      | Became a worshipper of Sif Muna the Loreminder
  1273 | D:2      | Reached * piety under Sif Muna
  1659 | D:2      | Learned a level 2 spell: Scorch
  1673 | D:2      | Reached skill level 1 in Armour
  2415 | D:3      | Reached ** piety under Sif Muna
  2416 | D:3      | Gained mutation: You have an unusually large brain. (Int
                  | +2) [demonic ancestry]
  2416 | D:3      | Reached XP level 4. HP: 32/33 MP: 4/4
  2458 | D:3      | Found a sacrificial altar of Ru.
  2458 | D:3      | You fall into a shaft and drop 3 floors!
  2569 | D:6      | Found a bloodstained altar of Trog.
  2614 | D:6      | Reached skill level 1 in Stealth
  2782 | D:5      | Entered Level 5 of the Dungeon
  2801 | D:4      | Reached skill level 1 in Invocations
  2817 | D:4      | Noticed a phantom
  2835 | D:4      | Killed a phantom
  2836 | D:4      | Reached XP level 5. HP: 17/39 MP: 4/6
  2899 | D:5      | HP: 1/39 [orc/+0 flail (1)]
  3333 | D:4      | Reached skill level 4 in Axes
  3396 | D:4      | Found Defemm's Book Shoppe.
  3404 | D:4      | Reached skill level 1 in Spellcasting
  3404 | D:4      | Gained mutation: You sometimes gain a little power by
                  | taking damage. [demonic ancestry]
  3404 | D:4      | Reached XP level 6. HP: 46/46 MP: 7/7
  3637 | D:3      | Reached skill level 1 in Fire Magic
  3864 | D:4      | Noticed Sigmund
  3872 | D:4      | Killed Sigmund
  3873 | D:4      | Reached skill level 1 in Evocations
  4028 | D:4      | Noticed Pargi
  4061 | D:4      | Killed Pargi
  4062 | D:4      | Gained mutation: When hurt, damage is shared between your
                  | health and your magic reserves. [demonic ancestry]
  4062 | D:4      | Reached XP level 7. HP: 37/51 MP: 9/9
  4238 | D:4      | Noticed Eustachio
  4257 | D:4      | Killed Eustachio
  4725 | D:5      | Reached *** piety under Sif Muna
  4731 | D:5      | Found a sparkling altar of Nemelex Xobeh.
  4731 | D:5      | Found a shimmering altar of Xom.
  4865 | D:5      | Found a faded altar of an unknown god.
  4865 | D:5      | Found a snail-covered altar of Cheibriados.
  4874 | D:5      | Found a broken altar of Ashenzari.
  4876 | D:5      | Found a faded altar of an unknown god.
  4877 | D:5      | Found a basalt altar of Yredelemnul.
  4988 | D:5      | Identified the +7 giant club "Dimagak" {flame, rC+++ Will-
                  | Str-3 SInv}
  4990 | D:5      | Noticed xian's ghost (novice DsGl)
  4991 | D:5      | Found a transporter.
  5020 | D:5      | Found a transporter.
  5614 | D:6      | Noticed Grinder
  5637 | D:6      | Paralysed by Grinder for 5 turns
  5646 | D:6      | Killed Grinder
  5647 | D:6      | Reached skill level 5 in Axes
  5647 | D:6      | Gained mutation: You have an extremely huge brain. (Int +4)
                  | [demonic ancestry]
  5647 | D:6      | Reached XP level 8. HP: 29/58 MP: 5/11
  5821 | D:6      | Found a staircase to the Ecumenical Temple.
  5873 | Temple   | Entered the Ecumenical Temple
  6092 | D:6      | HP: 1/90 [orc warrior/+0 trident (5)]
  6093 | D:6      | Slain by an orc warrior

Illustrated notes

Levels and vault maps discovered:
D:1:      saegor_arrival_miasma, layout_basic, minmay_tetromino_l4
D:2:      layout_loops_cross, hellmonk_ecumenical_altar_defaced_shrine,
          minmay_stone_trees_small, minmay_lizard_king
D:3:      layout_rooms, nicolae_ru_awakened_eye
D:4:      layout_rooms, serial_shops, nicolae_shop_behind_doors,
          minmay_goblin_outpost, uniq_sigmund, uniq_pargi, uniq_eustachio
D:5:      layout_rooms, chequers_temple_overflow_minitemple,
          chequers_temple_overflow_statue_of_worship, gammafunk_ghost_smash
D:6:      layout_loops_ring, overflow_temple_1_default, temple_doors_e,
          uniq_grinder
Temple:   hellmonk_temple_flake

Skill      XL: |  1  2  3  4  5  6  7 |
---------------+----------------------+-----
Dodging        | 3 4 |  4.5
Axes           | 3 4 5 |  5.0
Armour         | 1 2 |  2.0
Stealth        | 1 2 |  2.5
Invocations    | 1 2 3 |  3.9
Spellcasting   | 1 2 |  2.1
Fire Magic     | 1 2 |  2.1
Evocations     | 1 2 |  2.0
Fighting       | 3 |  3.7
Throwing       | |  1.9

Action                   |  1- 3 |  4- 6 |  7- 9 || total
-------------------------+-------+-------+-------++-------
Melee: War axe           |   109 |   139 |   141 ||   389
       Punch             |     1 |     1 |     1 ||     3
Throw: Throwing net      |       |     4 |     2 ||     6
       Boomerang         |       |       |     3 ||     3
       Javelin           |       |       |     1 ||     1
 Cast: Scorch            |       |       |     4 ||     4
 Abil: Evoke Invisibilit |       |     1 |     2 ||     3
Evoke: Wand              |       |     1 |     2 ||     3
  Use: Scroll            |       |     5 |       ||     5
       Potion            |       |       |     2 ||     2
 Stab: Sleeping          |     1 |     1 |     4 ||     6
       Invisible         |       |       |     3 ||     3
Armor: Leather armour    |    60 |    33 |    18 ||   111
       Robe              |       |    34 |    55 ||    89
Dodge: Dodged            |   112 |   172 |   171 ||   455
